[ AOE2 MATCH · #476698084 ]
1v1 RMPersians vs Maya
Player's team · WIN
Rival team · LOSS
[ REPLAY ANALYSIS · EXTRACTED FROM THE RECORDED GAME ]
Feudal
8:05
Castle
26:11
Imperial
—
| APM avg | 90.9 |
| APM peak | 146 |
| eAPM avg | 44.0 |
| Villagers / military | 164 / 178 |
Focus
⚔️ 64.4% · 🌾 35.6%
Knight ×95 · Scout Cavalry ×37 · Battering Ram ×21 · Skirmisher ×15 · Monk ×5 · Mangonel ×5
Feudal
9:16
Castle
22:22
Imperial
41:46
| APM avg | 49.0 |
| APM peak | 140 |
| eAPM avg | 27.7 |
| Villagers / military | 143 / 165 |
Focus
⚔️ 45.5% · 🌾 54.5%
Archer ×90 · Plumed Archer ×63 · Skirmisher ×6 · Spearman ×5 · Mangonel ×1
Match map
Initial resources + every placement click. Lines = walls · curves = elevation contours. ◆ gold · ⬟ stone · ● berries · ✦ relic · ◌ wall gap
Your base· Open — unwalled flank
Malik Bhai's base· Open — 4t gap
Smoothed initial terrain · ◌ = detected wall gap · hover for details
Inputs per minute
— Zamaa - - Malik Bhai
Build order — Zamaa
First 150 of 523 actions detected
| 0:01 | Create | Villager (Male) |
| 0:01 | Create | Villager (Male) |
| 0:01 | Create | Villager (Male) |
| 0:01 | Create | Villager (Male) |
| 0:02 | Build | House |
| 0:04 | Build | House |
| 0:14 | Create | Villager (Male) |
| 0:15 | Create | Villager (Male) |
| 1:21 | Create | Villager (Male) |
| 1:21 | Create | Villager (Male) |
| 1:21 | Create | Villager (Male) |
| 2:00 | Create | Villager (Male) |
| 2:00 | Create | Villager (Male) |
| 2:00 | Create | Villager (Male) |
| 2:05 | Build | Lumber Camp |
| 2:11 | Create | Villager (Male) |
| 2:36 | Create | Villager (Male) |
| 3:16 | Create | Villager (Male) |
| 3:40 | Create | Villager (Male) |
| 3:43 | Build | House |
| 3:46 | Build | Mill |
| 3:57 | Create | Villager (Male) |
| 4:27 | Create | Villager (Male) |
| 4:41 | Create | Villager (Male) |
| 5:23 | Research | Loom |
| 6:02 | Research | Feudal Age |
| 6:02 | Research | Feudal Age |
| 6:02 | Research | Feudal Age |
| 7:02 | Build | Barracks |
| 7:08 | Build | Palisade Wall |
| 7:09 | Build | Palisade Wall |
| 7:49 | Build | House |
| 7:55 | Build | Palisade Wall |
| 7:56 | Build | Palisade Wall |
| 7:56 | Build | Palisade Wall |
| 7:56 | Build | Palisade Wall |
| 8:05 | Build | Palisade Wall |
| 8:05 | Build | Palisade Wall |
| 8:05 | Build | Palisade Wall |
| 8:05 | Age | Feudal Age |
| 8:06 | Build | Palisade Wall |
| 8:08 | Create | Villager (Male) |
| 8:21 | Build | Stable |
| 8:28 | Create | Villager (Male) |
| 8:48 | Create | Villager (Male) |
| 8:53 | Build | House |
| 9:05 | Create | Scout Cavalry |
| 9:05 | Create | Scout Cavalry |
| 9:10 | Create | Villager (Male) |
| 9:12 | Build | Palisade Wall |
| 9:25 | Research | Horse Collar |
| 9:36 | Create | Villager (Male) |
| 9:38 | Build | Palisade Wall |
| 9:39 | Build | Palisade Wall |
| 9:40 | Build | Palisade Wall |
| 9:42 | Create | Villager (Male) |
| 9:45 | Build | Palisade Wall |
| 9:46 | Build | Palisade Wall |
| 10:08 | Build | Archery Range |
| 10:09 | Create | Villager (Male) |
| 10:17 | Create | Scout Cavalry |
| 10:25 | Research | Double-Bit Axe |
| 10:25 | Research | Double-Bit Axe |
| 10:37 | Build | Farm |
| 10:54 | Create | Villager (Male) |
| 10:59 | Build | Farm |
| 11:00 | Build | Farm |
| 11:04 | Create | Skirmisher |
| 11:27 | Create | Villager (Male) |
| 11:29 | Create | Skirmisher |
| 11:30 | Create | Skirmisher |
| 11:30 | Create | Skirmisher |
| 11:35 | Build | House |
| 11:39 | Build | House |
| 11:46 | Build | Farm |
| 11:47 | Build | Farm |
| 12:01 | Build | House |
| 12:04 | Create | Villager (Male) |
| 12:25 | Create | Villager (Male) |
| 12:33 | Create | Villager (Male) |
| 12:38 | Create | Scout Cavalry |
| 12:40 | Build | Farm |
| 12:40 | Build | Farm |
| 12:42 | Build | Farm |
| 12:48 | Create | Skirmisher |
| 12:52 | Create | Villager (Male) |
| 12:53 | Create | Villager (Male) |
| 13:00 | Build | House |
| 13:07 | Create | Skirmisher |
| 13:24 | Create | Skirmisher |
| 13:25 | Create | Villager (Male) |
| 13:29 | Build | Farm |
| 13:41 | Create | Villager (Male) |
| 13:45 | Build | Farm |
| 14:00 | Create | Skirmisher |
| 14:06 | Build | Farm |
| 14:09 | Build | Palisade Wall |
| 14:10 | Build | Palisade Wall |
| 14:13 | Build | Palisade Wall |
| 14:16 | Create | Villager (Male) |
| 14:21 | Build | Farm |
| 14:21 | Build | Farm |
| 14:34 | Build | Mill |
| 14:37 | Create | Villager (Male) |
| 15:00 | Create | Skirmisher |
| 15:05 | Create | Villager (Male) |
| 15:17 | Build | Blacksmith |
| 15:18 | Create | Villager (Male) |
| 15:26 | Create | Scout Cavalry |
| 15:30 | Create | Skirmisher |
| 15:36 | Create | Villager (Male) |
| 15:40 | Build | Farm |
| 16:03 | Research | Fletching |
| 16:03 | Research | Fletching |
| 16:03 | Research | Fletching |
| 16:06 | Build | Farm |
| 16:06 | Build | Farm |
| 16:18 | Create | Villager (Male) |
| 16:20 | Create | Scout Cavalry |
| 16:29 | Build | House |
| 16:34 | Build | Lumber Camp |
| 16:34 | Create | Villager (Male) |
| 16:46 | Build | House |
| 16:53 | Research | Padded Archer Armor |
| 16:54 | Research | Padded Archer Armor |
| 17:26 | Create | Villager (Male) |
| 17:27 | Create | Skirmisher |
| 17:27 | Create | Villager (Male) |
| 17:38 | Research | Scale Barding Armor |
| 17:38 | Research | Scale Barding Armor |
| 17:40 | Research | Forging |
| 17:41 | Research | Forging |
| 17:41 | Research | Forging |
| 17:46 | Build | Stable |
| 17:47 | Create | Villager (Male) |
| 17:52 | Build | Farm |
| 17:52 | Build | Farm |
| 17:52 | Create | Villager (Male) |
| 18:05 | Build | Mining Camp |
| 18:06 | Create | Villager (Male) |
| 18:30 | Create | Scout Cavalry |
| 18:30 | Create | Scout Cavalry |
| 18:32 | Create | Skirmisher |
| 18:33 | Create | Skirmisher |
| 19:06 | Research | Scale Barding Armor |
| 19:06 | Research | Scale Barding Armor |
| 19:07 | Create | Villager (Male) |
| 19:07 | Create | Villager (Male) |
| 19:33 | Create | Scout Cavalry |
| 19:34 | Create | Skirmisher |
Build order — Malik Bhai
First 150 of 411 actions detected
| 0:00 | Research | Loom |
| 0:01 | Research | Loom |
| 0:03 | Build | House |
| 0:06 | Build | House |
| 0:10 | Create | Villager (Male) |
| 0:16 | Create | Villager (Male) |
| 0:23 | Create | Villager (Male) |
| 1:27 | Create | Villager (Male) |
| 1:58 | Build | Lumber Camp |
| 2:06 | Create | Villager (Male) |
| 2:06 | Create | Villager (Male) |
| 2:07 | Create | Villager (Male) |
| 2:10 | Create | Villager (Male) |
| 2:10 | Create | Villager (Male) |
| 2:44 | Create | Villager (Male) |
| 2:44 | Create | Villager (Male) |
| 2:44 | Create | Villager (Male) |
| 3:16 | Create | Villager (Male) |
| 3:16 | Create | Villager (Male) |
| 3:40 | Create | Villager (Male) |
| 3:54 | Build | House |
| 3:57 | Create | Villager (Male) |
| 3:57 | Create | Villager (Male) |
| 3:58 | Create | Villager (Male) |
| 4:35 | Create | Villager (Male) |
| 4:36 | Create | Villager (Male) |
| 4:36 | Create | Villager (Male) |
| 4:39 | Build | Mill |
| 4:57 | Create | Villager (Male) |
| 4:57 | Create | Villager (Male) |
| 5:09 | Create | Villager (Male) |
| 5:10 | Create | Villager (Male) |
| 5:10 | Create | Villager (Male) |
| 5:39 | Create | Villager (Male) |
| 5:40 | Create | Villager (Male) |
| 5:40 | Create | Villager (Male) |
| 5:45 | Build | House |
| 5:47 | Build | House |
| 6:37 | Create | Villager (Male) |
| 7:05 | Research | Feudal Age |
| 7:45 | Build | Barracks |
| 8:09 | Build | Palisade Wall |
| 8:40 | Create | Villager (Male) |
| 9:07 | Build | House |
| 9:16 | Age | Feudal Age |
| 9:18 | Build | Archery Range |
| 9:19 | Create | Villager (Male) |
| 9:25 | Create | Spearman |
| 9:25 | Create | Spearman |
| 9:38 | Research | Double-Bit Axe |
| 9:44 | Create | Villager (Male) |
| 9:49 | Build | Mining Camp |
| 10:12 | Create | Spearman |
| 10:19 | Build | House |
| 10:21 | Build | Palisade Wall |
| 10:30 | Create | Archer |
| 10:30 | Create | Archer |
| 10:35 | Build | House |
| 10:39 | Create | Villager (Male) |
| 11:00 | Create | Villager (Male) |
| 11:07 | Build | Palisade Wall |
| 11:09 | Build | House |
| 11:11 | Create | Villager (Male) |
| 11:41 | Create | Spearman |
| 11:44 | Create | Skirmisher |
| 11:46 | Create | Villager (Male) |
| 11:47 | Build | Blacksmith |
| 11:58 | Create | Archer |
| 12:17 | Build | Palisade Wall |
| 12:19 | Build | Palisade Wall |
| 12:24 | Create | Villager (Male) |
| 12:36 | Create | Villager (Male) |
| 12:41 | Create | Archer |
| 12:44 | Create | Villager (Male) |
| 13:00 | Build | Palisade Wall |
| 13:07 | Create | Spearman |
| 13:08 | Create | Archer |
| 13:10 | Create | Villager (Male) |
| 13:14 | Research | Horse Collar |
| 13:20 | Create | Archer |
| 13:47 | Create | Villager (Male) |
| 13:48 | Build | House |
| 13:53 | Research | Fletching |
| 13:56 | Create | Villager (Male) |
| 13:59 | Build | Archery Range |
| 14:04 | Build | Farm |
| 14:04 | Build | Farm |
| 14:04 | Build | Farm |
| 14:04 | Build | Farm |
| 14:04 | Build | Farm |
| 14:05 | Build | Farm |
| 14:05 | Build | Farm |
| 14:05 | Build | Farm |
| 14:07 | Create | Villager (Male) |
| 14:22 | Build | House |
| 14:23 | Create | Villager (Male) |
| 14:25 | Create | Archer |
| 14:31 | Build | Farm |
| 14:37 | Build | Farm |
| 14:40 | Build | Farm |
| 15:04 | Create | Villager (Male) |
| 15:07 | Build | Farm |
| 15:07 | Build | Farm |
| 15:07 | Build | Farm |
| 15:07 | Build | Farm |
| 15:08 | Build | Farm |
| 15:10 | Create | Villager (Male) |
| 15:14 | Build | House |
| 15:32 | Build | Farm |
| 15:33 | Create | Archer |
| 15:37 | Create | Archer |
| 15:37 | Create | Archer |
| 15:53 | Create | Villager (Male) |
| 15:54 | Create | Archer |
| 16:05 | Create | Villager (Male) |
| 16:11 | Build | Farm |
| 16:14 | Build | Farm |
| 16:24 | Create | Archer |
| 16:24 | Create | Archer |
| 16:44 | Create | Villager (Male) |
| 17:12 | Create | Villager (Male) |
| 17:17 | Build | Market |
| 17:19 | Build | House |
| 17:23 | Create | Archer |
| 17:25 | Create | Skirmisher |
| 17:25 | Create | Skirmisher |
| 17:27 | Research | Padded Archer Armor |
| 17:28 | Create | Villager (Male) |
| 17:42 | Create | Villager (Male) |
| 18:03 | Create | Skirmisher |
| 18:04 | Create | Villager (Male) |
| 18:23 | Create | Skirmisher |
| 18:23 | Create | Skirmisher |
| 18:25 | Create | Villager (Male) |
| 18:56 | Create | Villager (Male) |
| 19:00 | Build | Farm |
| 19:42 | Research | Castle Age |
| 19:42 | Research | Castle Age |
| 19:44 | Create | Archer |
| 19:44 | Create | Archer |
| 19:44 | Create | Archer |
| 19:54 | Build | House |
| 19:56 | Create | Archer |
| 19:56 | Create | Archer |
| 20:02 | Build | Farm |
| 20:16 | Create | Archer |
| 20:16 | Create | Archer |
| 20:34 | Create | Archer |
| 20:34 | Create | Archer |
| 20:36 | Create | Archer |
Match timeline
| 7:02 | Zamaa · first_building Barracks |
| 7:08 | Zamaa · wall_segment Palisade Wall x1 |
| 7:09 | Zamaa · wall_segment Palisade Wall x1 |
| 7:45 | Malik Bhai · first_building Barracks |
| 7:55 | Zamaa · wall_segment Palisade Wall x1 |
| 7:56 | Zamaa · wall_segment Palisade Wall x1 |
| 7:56 | Zamaa · wall_segment Palisade Wall x1 |
| 7:56 | Zamaa · wall_segment Palisade Wall x1 |
| 8:05 | Zamaa · wall_segment Palisade Wall x1 |
| 8:05 | Zamaa · wall_segment Palisade Wall x1 |
| 8:05 | Zamaa · wall_segment Palisade Wall x1 |
| 8:05 | Zamaa · age_up feudal |
| 8:06 | Zamaa · wall_segment Palisade Wall x1 |
| 8:09 | Malik Bhai · wall_segment Palisade Wall x1 |
| 8:21 | Zamaa · first_building Stable |
| 9:12 | Zamaa · wall_segment Palisade Wall x1 |
| 9:16 | Malik Bhai · age_up feudal |
| 9:18 | Malik Bhai · first_building Archery Range |
| 9:38 | Zamaa · wall_segment Palisade Wall x1 |
| 9:39 | Zamaa · wall_segment Palisade Wall x1 |
| 9:40 | Zamaa · wall_segment Palisade Wall x1 |
| 9:45 | Zamaa · wall_segment Palisade Wall x1 |
| 9:46 | Zamaa · wall_segment Palisade Wall x1 |
| 10:08 | Zamaa · first_building Archery Range |
| 10:21 | Malik Bhai · wall_segment Palisade Wall x6 |
| 11:07 | Malik Bhai · wall_segment Palisade Wall x1 |
| 12:17 | Malik Bhai · wall_segment Palisade Wall x2 |
| 12:19 | Malik Bhai · wall_segment Palisade Wall x15 |
| 13:00 | Malik Bhai · wall_segment Palisade Wall x1 |
| 14:09 | Zamaa · wall_segment Palisade Wall x1 |
| 14:10 | Zamaa · wall_segment Palisade Wall x1 |
| 14:13 | Zamaa · wall_segment Palisade Wall x1 |
| 19:02 | Malik Bhai · first_market_buy 100 food |
| 22:22 | Malik Bhai · age_up castle |
| 22:27 | Zamaa · first_market_sell 100 stone |
| 22:29 | Zamaa · first_market_buy 100 food |
| 23:22 | Malik Bhai · wall_segment Palisade Wall x1 |
| 23:41 | Malik Bhai · wall_segment Palisade Wall x1 |
| 23:42 | Malik Bhai · wall_segment Palisade Wall x1 |
| 26:11 | Zamaa · age_up castle |
| 26:36 | Malik Bhai · wall_segment Palisade Wall x1 |
| 28:02 | Zamaa · first_building Siege Workshop |
| 31:04 | Malik Bhai · wall_segment Palisade Wall x1 |
| 32:34 | Zamaa · first_building Monastery |
| 33:21 | Malik Bhai · first_building Castle |
| 38:24 | Malik Bhai · first_building Siege Workshop |
| 41:46 | Malik Bhai · age_up imperial |
| 43:20 | Malik Bhai · first_market_sell 100 wood |
| 43:54 | Zamaa · first_building Castle |
| 47:48 | Malik Bhai · resign |
[ AI ANALYSIS · 1 CREDIT ]
What really happened in this match?
Wolo.gg analyzes every decision: build order, eco, micro, common mistakes by bracket. Personalized analysis on WhatsApp or Discord in 30 seconds.
Civ guide
Persians
Map guide
Land Madness
Perfil
Zamaa